 Dungeon Crawl Stone Soup version 0.32-a0-656-g3542139ebd (webtiles) character file.

Game seed: 7138222433957270698

1723126 ragingrage the Intangible (level 27, 165/165 HPs)
             Began as a Kobold Hexslinger on Mar 8, 2024.
             Was the Champion of Hepliaklqana.
             Escaped with the Orb
             ... and 3 runes!
             The game lasted 01:30:00 (66301 turns).

ragingrage the Intangible (Kobold Hexslinger)      Turns: 66301, Time: 01:30:00

Health: 165/165    AC: 17    Str: 10    XL:     27
Magic:  32/32      EV: 76    Int: 15    God:    Hepliaklqana [******]
Gold:   6020       SH: 13    Dex: 48    Spells: 24/38 levels left

rFire   + . .        a - +9 hand cannon (freeze)
rCold   . . .        b - +2 buckler "Ufusaehe" {rPois Slay+2 Stlth+}
rNeg    + . .        T - +3 leather armour "Jecsu" {Dex+4 Slay+2}
rPois   +            r - +1 helmet of the Evening {Dex+4}
rElec   +            s - +0 cloak of Day {*Corrode Dex+8}
rCorr   .            c - +2 pair of gloves of Negation {Fly Will+}
SInv    .            v - +2 pair of slick slippers {slick, slippery, EV+4}
Will    +++..        B - amulet "Sanithec" {Spirit rElec}
Stlth   ++++         t - ring of protection from fire
HPRegen 0.47/turn    E - ring of Youthful Indiscretion {^Drain rN+ EV+5 Str+3 Dex+3}
MPRegen 0.23/turn

%: corrode self (3%), guardian spirit
@: flying, studying 2 skills
A: reduced essence, small, no large weapons, nightstalker 3
0: Orb of Zot
}: 3/15 runes: barnacled, silver, gossamer
a: Renounce Religion, Recall Ancestor, Ancestor Identity, Transference, Idealise


You escaped.
You worshipped Hepliaklqana.
Hepliaklqana was exalted by your worship.
You visited 10 branches of the dungeon, and saw 48 of its levels.
You visited the Abyss 1 time.
You visited 1 bazaar.
You also visited: Trove, Ossuary, Bailey, Gauntlet, Ice Cave and Desolation.

You collected 9617 gold pieces.
You spent 3597 gold pieces at shops.

Inventory:

Hand Weapons
 a - a +9 hand cannon of freezing (weapon)
 L - a +5 dagger of speed
Missiles
 q - 5 throwing nets
Armour
 b - the +2 buckler "Ufusaehe" (worn) {rPois Slay+2 Stlth+}
   (You found it in a treasure trove)

   Slay+2:    It affects your accuracy & damage with ranged weapons and melee
   (+2).
   rPois:     It protects you from poison.
   Stlth+:    It makes you more stealthy.
 c - the +2 pair of gloves of Negation (worn) {Fly Will+}
   (You bought it in a shop on level 2 of the Orcish Mines)

   Will+:     It increases your willpower.
   Fly:       It grants you flight.
 r - the +1 helmet of the Evening (worn) {Dex+4}
   (You found it in a Gauntlet)

   Dex+4:     It affects your dexterity (+4).
 s - the +0 cloak of Day (worn) {*Corrode Dex+8}
   (You found it on level 4 of the Shoals)

   Dex+8:     It affects your dexterity (+8).
   *Corrode:  It may corrode you when you take damage.
 v - the +2 pair of slick slippers (worn) {slick, slippery, EV+4}
   (You found it in a treasure trove)

   Slick:     Its wearer cannot be constricted, engulfed, netted, webbed, or
   stopped by binding sigils.
   Slippery:  Its wearer slips away from damaging melee attacks, pulling the
   attacker onward.
   EV+4:      It affects your evasion (+4).
 T - the +3 leather armour "Jecsu" (worn) {Dex+4 Slay+2}
   (You found it on level 9 of the Dungeon)

   Dex+4:     It affects your dexterity (+4).
   Slay+2:    It affects your accuracy & damage with ranged weapons and melee
   (+2).
Jewellery
 p - a +4 ring of protection
 t - a ring of protection from fire (left hand)
 w - a ring of see invisible
 B - the amulet "Sanithec" (around neck) {Spirit rElec}
   (You found it in the Desolation of Salt)

   [amulet of guardian spirit]

   Spirit:    It causes incoming damage to be divided between your reserves of
   health and magic.
   rElec:     It insulates you from electricity.
 E - the ring of Youthful Indiscretion (right hand) {^Drain rN+ EV+5 Str+3 Dex+3}
   (You took it off a ragged hierophant in the Desolation of Salt)

   [ring of evasion]

   EV+5:      It affects your evasion (+5).
   Str+3:     It affects your strength (+3).
   Dex+3:     It affects your dexterity (+3).
   rN+:       It protects you from negative energy.
   ^Drain:    It drains your maximum health when unequipped.
 M - a ring of protection from cold
 Q - a ring of poison resistance
Wands
 f - a wand of mindburst (35)
 n - a wand of flame (32)
 u - a wand of polymorph (30)
 C - a wand of digging (26)
 O - a wand of paralysis (41)
 U - a wand of acid (27)
 Z - a wand of warping (71)
Scrolls
 g - 6 scrolls of fear
 i - 4 scrolls of summoning
 j - 9 scrolls of poison
 k - 3 scrolls of revelation
 l - 8 scrolls of teleportation
 y - 3 scrolls of silence
 F - 9 scrolls of immolation
 I - 16 scrolls of vulnerability
 J - 5 scrolls of noise
 V - 9 scrolls of fog
 Y - 9 scrolls of blinking
Potions
 e - 25 potions of curing
 m - 13 potions of heal wounds
 o - 9 potions of invisibility
 x - 6 potions of cancellation
 z - a potion of might
 A - 7 potions of ambrosia
 G - 10 potions of attraction
 H - 6 potions of mutation
 K - 4 potions of brilliance
 N - 4 potions of enlightenment
 S - 4 potions of magic
 W - a potion of resistance
 X - 8 potions of haste
Miscellaneous
 d - a condenser vane (inert)
 h - a phial of floods
 D - a box of beasts (inert)
 P - a lightning rod (4/4)
 R - a phantom mirror


   Skills:
 - Level 22.0 Fighting
 - Level 10.0 Short Blades
 - Level 21.0 Ranged Weapons
 - Level 6.0 Throwing
 - Level 11.0 Armour
 O Level 27 Dodging
 - Level 20.0 Stealth
 - Level 10.0 Shields
 - Level 6.0 Spellcasting
 - Level 12.0 Conjurations
 - Level 4.0 Hexes
 - Level 8.0 Necromancy
 - Level 8.0 Translocations
 - Level 1.0 Fire Magic
 - Level 13.0 Alchemy
 + Level 11.8 Invocations
 - Level 17.0 Evocations


You had 24 spell levels left.
You knew the following spells:

 Your Spells              Type           Power      Damage    Failure   Level
a - Fugue of the Fallen   Necr           28%        N/A       2%          3
b - Irradiate             Conj/Alch      21%        3d18      3%          5
c - Dimensional Bullseye  Hex/Tloc       11%        N/A       21%         4
d - Blink                 Tloc           56%        N/A       1%          2

Your spell library contained the following spells:

 Spells                   Type           Power      Damage    Failure   Level
 Apportation              Tloc           56%        N/A       1%          1
 Foxfire                  Conj/Fire      96%        2x1d8     1%          1
 Magic Dart               Conj           100%       1d8       1%          1
 Necrotise                Necr           100%       1d9       1%          1
 Sting                    Conj/Alch      100%       1d9       1%          1
 Cigotuvi's Dreadful Rot  Necr/Alch/Air  50%        N/A       1%          2
 Lesser Beckoning         Tloc           56%        N/A       1%          2
 Searing Ray              Conj           80%        2d7       1%          2
 Sublimation of Blood     Necr           28%        N/A       1%          2
 Fulminant Prism          Conj/Alch      21%        3d12      1%          4
 Olgreb's Toxic Radiance  Alch           43%        N/A       1%          4
 Mercury Vapours          Alch/Air       48%        N/A       2%          2
 Gell's Gravitas          Tloc           28%        N/A       2%          3
 Teleport Other           Tloc           28%        N/A       2%          3
 Vampiric Draining        Necr           28%        2d8       2%          3
 Iskenderun's Mystic Bla  Conj/Tloc      34%        2d8       3%          4
 Alistair's Intoxication  Alch           28%        N/A       3%          5
 Iskenderun's Battlesphe  Conj           40%        2d9       4%          5
 Hailstorm                Conj/Ice       22%        3d7       6%          3
 Stone Arrow              Conj/Erth      44%        3d9       6%          3
 Jinxbite                 Hex            32%        N/A       7%          2
 Animate Dead             Necr           28%        N/A       9%          4
 Dispel Undead            Necr           28%        3d13      9%          4
 Manifold Assault         Tloc           28%        N/A       9%          4
 Passage of Golubria      Tloc           28%        N/A       9%          4
 Volatile Blastmotes      Fire/Tloc      36%        2d13      11%         3
 Ignite Poison            Fire/Alch      25%        N/A       13%         4
 Sticky Flame             Fire/Alch      25%        2d6       13%         4
 Confusing Touch          Hex            16%        N/A       14%         3
 Sigil of Binding         Hex            16%        N/A       14%         3
 Tukima's Dance           Hex            16%        N/A       14%         3
 Ensorcelled Hibernation  Hex/Ice        20%        N/A       16%         2
 Flame Wave               Conj/Fire      24%        2d8       16%         4
 Petrify                  Alch/Erth      24%        N/A       16%         4
 Anguish                  Hex/Necr       11%        N/A       21%         4
 Brom's Barrelling Bould  Conj/Erth      22%        2d4       21%         4
 Yara's Violent Unravell  Hex/Alch       15%        3d8       21%         5
 Freeze                   Ice            16%        1d4       24%         1
 Summon Small Mammal      Summ           16%        N/A       24%         1
 Scorch                   Fire           14%        2d5       24%         2
 Curse of Agony           Necr           28%        N/A       24%         5
 Inner Flame              Hex/Fire       12%        N/A       26%         3
 Call Imp                 Summ           8%         N/A       34%         2
 Cause Fear               Hex            8%         N/A       41%         4
 Martyr's Knell           Necr/Summ      16%        N/A       41%         4
 Vhi's Electric Charge    Tloc/Air       32%        N/A       41%         4
 Fireball                 Conj/Fire      12%        3d7       41%         5
 Arcjolt                  Conj/Air       11%        1d21      50%         5
 Call Canine Familiar     Summ           4%         N/A       56%         3
 Frozen Ramparts          Ice            8%         1d2       56%         3
 Summon Ice Beast         Ice/Summ       4%         N/A       56%         3
 Death Channel            Necr           14%        N/A       80%         6
 Dispersal                Tloc           14%        N/A       80%         6
 Orb of Destruction       Conj           20%        9d8       82%         7
 Summon Blazeheart Golem  Fire/Summ      6%         N/A       88%         4
 Animate Armour           Summ/Erth      8%         N/A       93%         4
 Summon Lightning Spire   Summ/Air       4%         N/A       93%         4
 Sculpt Simulacrum        Ice/Alch       12%        N/A       94%         6
 Starburst                Conj/Fire      12%        6d5       94%         6
 Metabolic Englaciation   Hex/Ice        5%         N/A       96%         5
 Silence                  Hex/Air        5%         N/A       96%         5
 Summon Mana Viper        Hex/Summ       10%        N/A       96%         5
 Bombard                  Conj/Erth      11%        9d3       97%         6
 Conjure Ball Lightning   Conj/Air       11%        3x3d6     97%         6
 Lee's Rapid Deconstruct  Erth           2%         3d4*      100%        5
 Plasma Beam              Fire/Air       3%         2x1d13    100%        6
 Enfeeble                 Hex            8%         N/A       100%        7
 Malign Gateway           Summ/Tloc      8%         N/A       100%        7
 Monstrous Menagerie      Summ           2%         N/A       100%        7
 Ozocubu's Refrigeration  Ice            2%         4d7       100%        7
 Spellforged Servitor     Conj/Summ      11%        N/A       100%        7
 Summon Hydra             Summ           2%         N/A       100%        7
 Discord                  Hex            8%         N/A       100%        8
 Disjunction              Tloc           14%        N/A       100%        8
 Ignition                 Fire           3%         3d4       100%        8
 Lehudib's Crystal Spear  Conj/Erth      11%        10d4      100%        8
 Maxwell's Capacitive Co  Air            2%         ∞         100%        8
 Summon Horrible Things   Summ           2%         N/A       100%        8
 Chain Lightning          Conj/Air       11%        3d14      100%        9
 Fire Storm               Conj/Fire      12%        8d3       100%        9
 Shatter                  Erth           2%         3d6*      100%        9


Dungeon Overview and Level Annotations

Branches:
Dungeon (15/15)            Temple (1/1) D:6            Lair (5/5) D:8
 Shoals (4/4) Lair:2       Spider (4/4) Lair:2        Slime (0/5) Lair:4
    Orc (2/2) D:10            Elf (3/3) Orc:2        Vaults (5/5) D:14
  Crypt (0/3) Vaults:3     Depths (4/4) D:15            Zot (5/5) Depths:4
Ossuary (visited)          Bailey (visited)           IceCv (visited)
Desolation (visited)      Gauntlet (visited)

Altars:
Ashenzari
Cheibriados
Dithmenos
Elyvilon
Fedhas
Gozag
Hepliaklqana
Kikubaaqudgha
Makhleb
Nemelex Xobeh
Okawaru
Qazlal
Ru
Sif Muna
Trog
Uskayaw
Vehumet
Wu Jian
Xom
Yredelemnul
Zin
The Shining One
Beogh
Jiyva

Shops:
D:7 ?:   Orc:1 *   Orc:2 [[(!   Elf:1 =   Elf:2 *   Shoals:2 *   Vaults:1 (
Vaults:2 (   Vaults:4 [   Vaults:5 ?!?=[!   Zot:5 *   Depths:4 *:[[

Portals:
Hell: Depths:1 Depths:2 Depths:3 Depths:4
Abyss: Depths:1 Depths:3
Pandemonium: Depths:1 Depths:2 Depths:4
Ziggurat: Depths:2

Annotations:
D:4 Edmund
D:10 exclusion: knight
Lair:1 2 exclusions
Shoals:1 2 transporters, Bunar's ghost, journeyman FeSh
Shoals:3 6 transporters
Shoals:4 Nikola
Elf:1 1 runed translucent door
Elf:2 3 runed translucent doors
Vaults:2 2 exclusions
Depths:1 2 transporters, Jigeme's ghost, veteran DEHs


Innate Abilities, Weirdness & Mutations

Your life essence is reduced to manifest your ancestor. (-10% HP)
You are small and have problems with some larger weapons.
You are completely attuned to the shadows.


Message History

An Ice Fiend comes into view.
You shoot a slug. The slug closely misses the Ice Fiend.
You shoot a slug. The slug hits the Ice Fiend!!!
The Ice Fiend gestures at you. The bolt of cold misses you.
The bolt of cold hits Gidghic!
Gidghic resists.
You shoot a slug. The slug hits the Ice Fiend!
You shoot a slug. The slug hits the Ice Fiend!!
The Ice Fiend claws you! The Ice Fiend freezes you!!!
The Ice Fiend completely misses you.
You shoot a slug. The slug hits the Ice Fiend!
The Ice Fiend gestures at you. The bolt of cold misses you.
The bolt of cold hits Gidghic!
Gidghic resists.
You shoot a slug. The slug hits the Ice Fiend!!!
You kill the Ice Fiend!
(D) Dungeon (T) Temple (L) Lair (A) Shoals (N) Spider Nest (M) Slime Pits (O) Orcish Mines (E) Elven Halls (V) Vaults (C) Crypt (U) Depths (H) Hell (Z) Zot
Where to? (Tab/Enter - D:1 @ (x,y), ? - help) Gidghic is no longer moving quickly.
There is an open door here.
There is a stone staircase leading up here.
You fly upwards.
There is a stone staircase leading down here.
There is a stone staircase leading up here.
You fly upwards.
There is a stone staircase leading down here.
Things that are here:
a +0 short sword; a kobold skeleton; a hobgoblin skeleton You see here a +0 whip.
There is a stone staircase leading up here.
You fly upwards.
There is a stone staircase leading down here.
There is an open door here.
The human shouts!
The spriggan shouts!
The demonspawn shouts!
There is a staircase leading out of the dungeon here.
You have escaped!

###### #....#
######### #.####
#.......## #.#
#.#####.##
#######.####
#.#####.##
#..........# ###
#.#.......
..#####.#### ##@##
##.#.###.## ..##
#.#######.R.###
#....# #.## ...#
#....##^#...#R#
#..#####.#. ..##
#########...###
#........## .##
#6#...#n#
#.######### .#
###...### #.# .#
#^#...#x###.## '##
####..####...#####
# ..##
#g#..#i##.......#
##


You could see the friendly Gidghic the knight (reflecting) and a djinni.

Vanquished Creatures
  A pandemonium lord (D:4)
  2 dread liches (Zot:5)
  2 ancient liches
  An orb of fire (Zot:1)
  Mara (Vaults:4)
  A juggernaut (Depths:4)
  Vv (Zot:1)
  6 Killer Klowns
  A curse toe (Zot:3)
  Margery (Vaults:5)
  14 golden dragons
  Norris (Vaults:1)
  A Tzitzimitl (D:11)
  A hellephant (Vaults:5)
  2 doom hounds (Zot:1)
  Rupert (D:13)
  An Ice Fiend (D:4)
  9 tentacled monstrosities
  4 liches
  18 Orb Guardians
  Asterion (Vaults:1)
  4 titans
  A deep elf master archer (Elf:3)
  A walking frostbound tome (Depths:3)
  4 quicksilver dragons
  Grunn (Zot:1)
  A walking divine tome (Depths:3)
  2 deep elf blademasters (Elf:3)
  An Executioner (D:9)
  Gastronok (D:8)
  4 sphinxes
  4 death cobs
  Kirke (Shoals:1)
  Polyphemus (Shoals:3)
  9 shadow dragons
  16 storm dragons
  Roxanne (Elf:2)
  6 tengu reavers
  5 draconian monks
  4 protean progenitors
  3 fire giants
  11 ghost moths
  2 draconian scorchers
  5 frost giants
  A balrug (Depths:2)
  10 vault wardens
  3 iron dragons
  3 imperial myrmidons (Desolation)
  3 draconian shifters
  An angel (Vaults:4)
  7 emperor scorpions
  2 deep elf elementalists (Elf:3)
  A ghoul (Vaults:3)
  4 draconian stormcallers
  Louise (Shoals:4)
  8 draconian annihilators
  6 deep elf sorcerers
  20 very ugly things
  10 ironbound preservers
  3 formless jellyfish
  9 stone giants
  A spriggan defender (Depths:3)
  8 ironbound thunderhulks
  4 broodmothers
  3 vampire knights
  10 green draconians
  4 deep elf death magi
  7 war gargoyles
  11 white draconians
  7 deep elf annihilators
  3 deep elf demonologists (Elf:3)
  17 black draconians
  18 purple draconians
  10 yellow draconians
  13 red draconians
  A halazid warlock (Desolation)
  A minotaur (Gauntlet)
  4 spark wasps
  4 eidola
  2 merfolk javelineers
  6 fire dragons
  3 green deaths (Depths:2)
  Josephine (Orc:1)
  A crystal guardian (Desolation)
  11 entropy weavers
  8 merfolk impalers
  16 ettins
  7 yaktaur captains
  6 deep elf high priests
  5 ragged hierophants (Desolation)
  29 vault guards
  An ice dragon (D:13)
  3 rakshasas
  Fannar (D:11)
  4 servants of whispers (Desolation)
  5 great orbs of eyes
  Harold (D:9)
  4 peacekeepers
  4 hydras
  An ogre mage (D:10)
  Erica (Lair:2)
  3 spriggan air magi
  2 anacondas (Zot:2)
  8 centaur warriors
  6 boulder beetles
  2 alligator snapping turtles (Shoals:2)
  A jorogumo (Spider:2)
  The ghost of zenocrate the Trooper, a journeyman OpEE of Gozag (D:10)
  3 radroaches
  15 dancing weapons
  17 death yaks
  2 merfolk avatars
  6 two-headed ogres
  2 catoblepae
  A satyr (Shoals:4)
  9 deep troll shamans
  5 tengu warriors
  8 deep troll earth magi
  2 death knights (D:13)
  2 death scarabs (Gauntlet)
  4 ironbound frosthearts
  A hell hog (Lair:5)
  2 orc high priests (Orc:2)
  3 vampire magi
  11 demonic crawlers
  Urug (Lair:2)
  A spriggan (Depths:3)
  2 spriggan berserkers
  14 deep elf knights
  13 skysharks
  5 skeletal warriors
  A soul eater (Depths:1)
  9 hell knights
  4 pharaoh ants
  5 iron trolls
  10 sea snakes
  A shining eye (shapeshifter) (Vaults:5)
  2 death drakes (Depths:4)
  3 goliath frogs (Shoals:2)
  2 arcanists
  2 orb spiders (Spider:1)
  4 sun moths
  4 flayed ghosts
  2 glowing orange brains (Depths:3)
  A spark wasp zombie (D:15)
  A spectral hydra (Gauntlet)
  8 large abominations
  5 lindwurms
  33 deep trolls
  A bog body (Lair:1)
  12 deep elf archers
  Pikel (D:6)
  13 ironbound convokers
  2 thermic dynamos (Elf:1)
  3 phantasmal warriors
  26 deep elf pyromancers
  5 necromancers
  2 oklob plants (Lair:4)
  4 orc knights
  5 harpies (Shoals:1)
  16 wolf spiders
  24 deep elf zephyrmancers
  19 ugly things
  11 cyclopes
  A glowing shapeshifter (Depths:3)
  10 manticores
  2 fauns (Shoals:1)
  4 orc sorcerers
  A stone giant zombie (Depths:1)
  6 meliai
  9 elephants
  3 black mambas
  22 moths of wrath
  8 kobold blastminers
  A frost giant skeleton (Depths:1)
  3 water nymphs
  14 vault sentinels
  9 merfolk sirens
  2 rust devils (Depths:2)
  2 guardian serpents (Desolation)
  2 ice statues (IceCv)
  4 torpor snails
  A gargoyle (D:10)
  5 rime drakes
  An unseen horror (D:10)
  14 cane toads
  2 kobold demonologists (D:10)
  12 yaktaurs
  A minotaur zombie (Gauntlet)
  An efreet (D:13)
  2 tengu conjurers
  8 komodo dragons
  An ice devil (Lair:1)
  An anaconda simulacrum (Lair:1)
  9 polar bears
  A wind drake (shapeshifter) (D:13)
  19 merfolk
  A queen bee (Lair:2)
  24 tarantellas
  9 trolls
  Grinder (D:4)
  15 dream sheep
  27 saltlings (Desolation)
  3 hornets
  5 raiju
  4 wind drakes
  A wolf spider simulacrum (Gauntlet)
  12 blink frogs
  A spriggan zombie (D:15)
  A centaur simulacrum (Gauntlet)
  An ettin zombie (Depths:1)
  25 jumping spiders
  2 spectral black mambas (Gauntlet)
  15 culicivoras
  A shadow (D:13)
  7 snapping turtles
  3 water elementals (Shoals:3)
  2 spriggan skeletons (Depths:1)
  21 slime creatures
  A dire elephant simulacrum (IceCv)
  57 yaks
  20 wyverns
  4 hogs (Shoals:1)
  A redback (shapeshifter) (Elf:3)
  5 basilisks
  7 wraiths
  A fire elemental (Elf:3)
  A hog (shapeshifter) (D:10)
  6 vampire mosquitoes
  8 wargs
  54 redbacks
  A death yak simulacrum (IceCv)
  3 chaos spawn (Depths:1)
  A small abomination (Depths:1)
  2 acid dragons (D:10)
  10 hell hounds (Lair:5)
  14 water moccasins
  13 black bears
  7 laughing skulls
  33 orc warriors
  2 ice beasts (D:6)
  18 centaurs
  6 ogres
  35 wolves
  4 lemures
  Blork the orc (D:4)
  An elf zombie (Ossuary)
  A gnoll sergeant (D:10)
  11 bullfrogs
  2 earth elementals (Elf:3)
  8 kobold brigands
  A two-headed ogre simulacrum (Lair:1)
  2 cane toad simulacra
  4 scorpions (D:5)
  8 wights (D:7)
  An elephant simulacrum (Lair:1)
  30 killer bees
  7 howler monkeys
  2 electric eels (Lair:2)
  4 bombardier beetles
  4 centaur zombies (Ossuary)
  5 hounds
  21 orc priests
  A jelly (D:6)
  2 human zombies (Ossuary)
  Jessica (D:2)
  14 orc wizards
  A sleepcap (D:8)
  Ijyb (D:4)
  4 hell rats
  6 iguanas
  A polar bear simulacrum (IceCv)
  2 wolf simulacra (IceCv)
  6 hound zombies (Ossuary)
  2 mummies (Ossuary)
  7 gnolls
  11 adders
  A river rat (Lair:2)
  A white imp (D:7)
  6 adder zombies (Ossuary)
  5 dart slugs
  2 ribbon worms
  85 orcs
  6 ball pythons
  6 bats
  3 endoplasms
  4 giant cockroaches
  4 gnoll zombies (Ossuary)
  11 goblins
  8 hobgoblins
  5 jackals
  19 kobolds
  5 quokkas
  3 frilled lizards
  3 jackal zombies (Ossuary)
  6 kobold zombies (Ossuary)
  5 orc zombies (Ossuary)
  2 rats
  2 aspiring fleshes
1929 creatures vanquished.

Vanquished Creatures (collateral kills)
  An ancient lich (Zot:5)
  An orb of fire (Zot:5)
  Saint Roka (Orc:2)
  A Killer Klown (Zot:5)
  A curse toe (Zot:3)
  A golden dragon (Zot:5)
  An electric golem (Zot:5)
  6 tentacled monstrosities
  A titan (Vaults:5)
  5 Orb Guardians (Zot:5)
  2 liches
  2 quicksilver dragons
  A kraken (Shoals:4)
  A death cob (Zot:5)
  4 storm dragons
  4 tengu reavers
  4 shadow dragons
  3 fire giants
  2 protean progenitors
  A draconian knight (Zot:5)
  4 frost giants
  2 emperor scorpions
  A draconian shifter (Zot:2)
  2 deep elf sorcerers
  A deep elf elementalist (Elf:3)
  The ghost of Xuahaunu the Gelid, an adept MfIE of Vehumet (Elf:3)
  An angel (Vaults:4)
  2 ghost moths
  A draconian stormcaller (Zot:3)
  2 draconian scorchers
  A vault warden (Vaults:5)
  3 very ugly things
  2 stone giants (Vaults:5)
  A draconian annihilator (Depths:4)
  5 ironbound preservers
  A vampire knight (Depths:1)
  4 green draconians
  2 black draconians
  4 deep elf death magi
  5 purple draconians
  2 deep elf demonologists
  2 deep elf annihilators (Elf:3)
  3 yellow draconians
  3 white draconians
  A merfolk javelineer (Shoals:2)
  A green death (Depths:2)
  A fire dragon (Depths:4)
  4 deep elf high priests
  2 merfolk impalers
  5 yaktaur captains
  An ettin (Depths:3)
  4 ragged hierophants (Desolation)
  A rakshasa (Depths:3)
  7 vault guards
  A hydra (Lair:4)
  4 peacekeepers
  A servant of whispers (Desolation)
  A catoblepas (Zot:3)
  2 spriggan air magi
  2 ice dragons
  2 jorogumos
  2 radroaches (Spider:3)
  A centaur warrior (Vaults:3)
  4 death yaks
  3 deep troll shamans
  A deep troll earth mage (Depths:1)
  4 demonic crawlers
  A spriggan berserker (Depths:4)
  3 spriggans
  3 skysharks
  An iron troll (Depths:3)
  3 deep elf knights
  4 hell knights
  A goliath frog (Shoals:2)
  2 skeletal warriors (D:15)
  2 large abominations (Depths:1)
  4 orb spiders
  3 ironbound convokers
  8 deep trolls
  3 deep elf archers
  5 deep elf zephyrmancers
  An orc knight (Vaults:5)
  2 phantasmal warriors (Vaults:5)
  11 deep elf pyromancers
  4 necromancers
  An ugly thing (Depths:1)
  2 elephants
  2 manticores
  5 wolf spiders
  A faun (Shoals:1)
  6 moths of wrath
  2 cyclopes
  A meliai (D:14)
  3 black mambas
  An ice statue (IceCv)
  A water nymph (shapeshifter) (Vaults:5)
  2 kobold blastminers
  An unseen horror (shapeshifter) (D:13)
  A cane toad (Lair:5)
  An unseen horror (Depths:1)
  2 yaktaurs
  A freezing wraith (Vaults:5)
  2 ice devils (D:13)
  A queen bee (shapeshifter) (D:13)
  4 merfolk
  4 hornets
  4 tarantellas
  12 saltlings (Desolation)
  A polar bear (Lair:5)
  3 raiju
  2 blink frogs
  2 snapping turtles
  3 dream sheep
  A glass eye (Depths:3)
  5 culicivoras
  6 jumping spiders
  7 slime creatures
  A ynoxinul (D:4)
  A water elemental (Lair:2)
  A fire elemental (Elf:3)
  16 redbacks
  A warg (Orc:1)
  14 yaks
  A redback (shapeshifter) (Vaults:5)
  A vampire mosquito (D:11)
  A harpy simulacrum (IceCv)
  2 hell hounds (Lair:5)
  8 water moccasins
  A hydra simulacrum (Gauntlet)
  A spectral torpor snail (Gauntlet)
  3 orc warriors
  3 laughing skulls
  2 black bears
  6 wolves
  4 centaurs
  An ogre (Orc:2)
  3 kobold brigands
  2 bullfrogs (Lair:4)
  A gnoll sergeant (D:9)
  2 small abominations (Depths:1)
  A cane toad simulacrum (IceCv)
  An elephant simulacrum (IceCv)
  5 killer bees
  A howler monkey (D:9)
  A hell rat (Lair:3)
  4 orc wizards
  2 gnolls (D:9)
  A white imp (Lair:1)
  13 orcs
  A hobgoblin (D:9)
  A kobold (D:9)
  An aspiring flesh (Zot:2)
412 creatures vanquished.

Vanquished Creatures (others)
  A deep elf master archer (Elf:3)
  A fire giant (Vaults:5)
  A yaktaur captain (Vaults:4)
  A moth of wrath (Zot:5)
  A human (Shoals:1)
  An ancestor (Bailey)
  23 knights
  2 orcs (Vaults:5)
  4 tentacles (Shoals:4)
35 creatures vanquished.

Grand Total: 2376 creatures vanquished

Notes
Turn   | Place    | Note
-------+----------+-------------------------------------------
     0 | D:1      | ragingrage the Kobold Hexslinger began the quest for the
                  | Orb.
     0 | D:1      | Reached XP level 1. HP: 12/12 MP: 2/2
     0 | D:1      | Noticed a djinni
     1 | D:1      | Noticed a demonspawn
     3 | D:1      | Noticed a ghoul
     5 | D:1      | Noticed an octopode
     7 | D:1      | Noticed a spriggan
     8 | D:1      | Noticed an elf
     9 | D:1      | Noticed a ghoul
    11 | D:1      | Noticed a minotaur
    13 | D:1      | Noticed a gargoyle
    15 | D:1      | Noticed a vampire
    17 | D:1      | Noticed a gargoyle
    18 | D:1      | Noticed a dwarf
    19 | D:1      | Noticed a spriggan
    19 | D:1      | Noticed a merfolk
    24 | D:1      | Noticed a human
   280 | D:1      | Reached XP level 2. HP: 16/16 MP: 3/3
   286 | D:1      | Reached skill level 1 in Stealth
   289 | D:1      | Learned a level 2 spell: Jinxbite
   428 | D:1      | Reached XP level 3. HP: 20/20 MP: 4/4
  1402 | D:2      | Reached XP level 4. HP: 21/25 MP: 5/5
  1407 | D:2      | Reached skill level 1 in Short Blades
  1544 | D:2      | Noticed Jessica
  1548 | D:2      | Killed Jessica
  1639 | D:2      | Reached XP level 5. HP: 29/29 MP: 6/6
  2607 | D:3      | Reached skill level 5 in Ranged Weapons
  2607 | D:3      | Reached XP level 6. HP: 34/34 MP: 7/7
  2697 | D:3      | Found a faded altar of an unknown god.
  3525 | D:4      | Noticed Blork the orc
  3534 | D:4      | Killed Blork the orc
  3633 | D:4      | Reached XP level 7. HP: 38/38 MP: 8/8
  3659 | D:4      | Noticed Ijyb
  3661 | D:4      | Killed Ijyb
  3922 | D:4      | Noticed Edmund
  3958 | D:5      | Entered Level 5 of the Dungeon
  4071 | D:5      | Reached skill level 3 in Dodging
  4254 | D:5      | Reached skill level 5 in Short Blades
  4254 | D:5      | Reached XP level 8. HP: 41/45 MP: 9/9
  4351 | D:5      | Found a sand-covered staircase.
  4358 | Ossuary  | Entered an ossuary
  4473 | Ossuary  | Reached skill level 4 in Dodging
  4528 | Ossuary  | Reached skill level 5 in Stealth
  4901 | D:5      | Reached skill level 5 in Dodging
  5314 | D:5      | Reached XP level 9. HP: 50/50 MP: 5/10
  6449 | D:6      | Noticed Pikel
  6550 | D:4      | Reached skill level 10 in Ranged Weapons
  6630 | D:4      | Found an opulent altar of Gozag.
  6630 | D:4      | Found a sparkling altar of Nemelex Xobeh.
  6630 | D:4      | Noticed Grinder
  6677 | D:4      | Killed Grinder
  6980 | D:6      | Found Zushres's Weapon Shoppe.
  7189 | D:6      | Killed Pikel
  7190 | D:6      | Reached skill level 5 in Fighting
  7190 | D:6      | Reached skill level 6 in Dodging
  7223 | D:6      | Found a staircase to the Ecumenical Temple.
  7230 | Temple   | Entered the Ecumenical Temple
  7242 | Temple   | Became a worshipper of Hepliaklqana the Forgotten
  7634 | D:6      | Reached XP level 10. HP: 48/59 MP: 9/11
  7905 | D:7      | Found Wuukioh's Book Boutique.
  7977 | D:7      | Found Xiuseph's Magic Scroll Emporium.
  7982 | D:7      | Bought a scroll of summoning for 123 gold pieces
  7982 | D:7      | Bought a scroll of vulnerability for 52 gold pieces
  7982 | D:7      | Bought a scroll of noise for 13 gold pieces
  8457 | D:7      | Noticed a cyclops
  8476 | D:7      | Killed a cyclops
  8910 | D:8      | Noticed a komodo dragon
  8921 | D:8      | Killed a komodo dragon
  8922 | D:8      | Reached skill level 15 in Ranged Weapons
  8985 | D:8      | Reached * piety under Hepliaklqana
  8992 | D:8      | Noticed a komodo dragon
  8996 | D:8      | Killed a komodo dragon
  9069 | D:8      | Found a shadowy altar of Dithmenos.
  9210 | D:8      | Noticed Gastronok
  9474 | D:8      | Killed Gastronok
  9475 | D:8      | Reached skill level 1 in Invocations
  9475 | D:8      | Reached XP level 11. HP: 57/57 MP: 10/12
  9543 | D:8      | Found a staircase to the Lair.
  9543 | D:8      | Noticed an elephant
  9551 | D:8      | Killed an elephant
  9721 | D:9      | Found a flagged portal.
  9852 | Bailey   | Entered a bailey
  9931 | Bailey   | Reached skill level 7 in Dodging
 10893 | Bailey   | Identified the +8 great sword of Currency {pain, rPois rF+
                  | rC- Int+3}
 11164 | D:9      | Reached ** piety under Hepliaklqana
 11165 | D:9      | Remembered your ancestor Gidghic as a knight
 11320 | D:9      | Identified the +3 leather armour "Jecsu" {Dex+4 Slay+2}
 11534 | D:9      | Reached skill level 8 in Dodging
 11534 | D:9      | Reached skill level 5 in Evocations
 11547 | D:9      | Noticed a centaur warrior
 11555 | D:9      | Noticed Harold
 11560 | D:9      | Killed a centaur warrior
 11561 | D:9      | Reached XP level 12. HP: 24/64 MP: 15/15
 11574 | D:9      | Killed Harold
 11582 | D:9      | Noticed a centaur warrior
 11585 | D:10     | Entered Level 10 of the Dungeon
 11715 | D:9      | Killed a centaur warrior
 11716 | D:9      | Reached skill level 9 in Dodging
 11724 | D:9      | Noticed a two-headed ogre
 11732 | D:9      | Killed a two-headed ogre
 11733 | D:9      | Noticed a two-headed ogre
 11738 | D:9      | Killed a two-headed ogre
 12010 | D:9      | Noticed a two-headed ogre
 12013 | D:9      | Killed a two-headed ogre
 12014 | D:9      | Reached skill level 10 in Dodging
 12412 | D:10     | Found a runed translucent gate.
 12413 | D:10     | Found a runed translucent gate.
 12414 | D:10     | Found a runed translucent gate.
 12535 | D:10     | Noticed a two-headed ogre
 12538 | D:10     | Killed a two-headed ogre
 12608 | D:10     | Noticed an ogre mage
 13035 | D:10     | Reached skill level 11 in Dodging
 13373 | D:10     | Reached skill level 10 in Fighting
 13452 | D:10     | Killed an ogre mage
 13459 | D:10     | Reached XP level 13. HP: 52/73 MP: 14/16
 13626 | D:10     | Reached *** piety under Hepliaklqana
 13897 | D:10     | Reached skill level 12 in Dodging
 14003 | D:10     | Learned a level 3 spell: Fugue of the Fallen
 14103 | D:10     | Found a staircase to the Orcish Mines.
 14353 | D:10     | Identified the +7 dagger "Uleustro" {holy, rElec rCorr
                  | Stlth+}
 14865 | D:10     | Noticed zenocrate's ghost (journeyman OpEE)
 14871 | D:10     | Identified the +0 chain mail of Ehofumukh {Slay+4}
 14889 | Orc:1    | Entered Level 1 of the Orcish Mines
 14955 | Orc:1    | Noticed Josephine
 15352 | Orc:1    | Killed Josephine
 15399 | Orc:1    | Reached skill level 5 in Invocations
 15561 | Orc:1    | Found a roughly hewn altar of Beogh.
 15589 | Orc:1    | Found Quelole's Assorted Antiques.
 15594 | Orc:1    | Bought a blackened emerald ring for 130 gold pieces
 15719 | Orc:1    | Found a roughly hewn altar of Beogh.
 15842 | Orc:2    | Entered Level 2 of the Orcish Mines
 15952 | Orc:2    | Reached **** piety under Hepliaklqana
 16071 | Orc:2    | Found a roughly hewn altar of Beogh.
 16161 | Orc:2    | Reached skill level 1 in Armour
 16315 | Orc:2    | Reached XP level 14. HP: 79/79 MP: 18/18
 16405 | Orc:2    | Learned a level 4 spell: Dimensional Bullseye
 16412 | Orc:2    | Found a roughly hewn altar of Beogh.
 16456 | Orc:2    | Found a staircase to the Elven Halls.
 16487 | Orc:2    | Found a roughly hewn altar of Beogh.
 16501 | Orc:2    | Found Epufajow's Distillery.
 16506 | Orc:2    | Bought a potion of haste for 130 gold pieces
 16506 | Orc:2    | Bought 2 potions of resistance for 260 gold pieces
 16523 | Orc:2    | Found Gaqu's Antique Armour Shoppe.
 16528 | Orc:2    | Bought a pair of fine gloves for 313 gold pieces
 16528 | Orc:2    | Identified the +2 pair of gloves of Negation {Fly Will+}
                  | (You bought it in a shop on level 2 of the Orcish Mines)
 16935 | Orc:2    | Noticed Saint Roka
 17527 | Lair:1   | Entered Level 1 of the Lair of Beasts
 17713 | Lair:1   | Found a gate leading to a gauntlet.
 17722 | Gauntlet | Entered a Gauntlet
 17722 | Gauntlet | Found a transporter.
 17737 | Gauntlet | Found a transporter.
 17737 | Gauntlet | Found a transporter.
 17740 | Gauntlet | Noticed a quicksilver ooze
 17754 | Gauntlet | Found a transporter.
 17796 | Gauntlet | Found a transporter.
 17834 | Gauntlet | Noticed a dire elephant
 17848 | Gauntlet | Found a transporter.
 17890 | Gauntlet | Found a transporter.
 17907 | Gauntlet | Reached ***** piety under Hepliaklqana
 17936 | Gauntlet | Found a transporter.
 17956 | Gauntlet | Found a transporter.
 17956 | Gauntlet | Found a transporter.
 18143 | Gauntlet | Reached skill level 13 in Dodging
 18171 | Gauntlet | Identified the +1 helmet of the Evening {Dex+4}
 18229 | Gauntlet | Noticed a minotaur
 18236 | Gauntlet | Killed a minotaur
 18847 | Lair:1   | Got the Notes on Frozen Arson
 19294 | Lair:2   | Noticed Urug
 19457 | Lair:2   | Killed Urug
 19540 | Lair:2   | Reached skill level 1 in Throwing
 19568 | Lair:2   | Reached skill level 10 in Stealth
 19700 | Lair:2   | Reached XP level 15. HP: 85/85 MP: 20/20
 19845 | Lair:2   | Found a hole to the Spider Nest.
 20080 | Lair:2   | Found a staircase to the Shoals.
 20153 | Lair:2   | Noticed Erica
 20155 | Lair:2   | Killed Erica
 20379 | Lair:3   | Reached skill level 10 in Evocations
 20775 | Lair:3   | Reached skill level 14 in Dodging
 22000 | Lair:4   | Found a viscous altar of Jiyva.
 22072 | Lair:4   | Found a staircase to the Slime Pits.
 22203 | Lair:5   | Entered Level 5 of the Lair of Beasts
 22437 | Lair:5   | Reached skill level 5 in Throwing
 22440 | Lair:4   | Reached XP level 16. HP: 83/92 MP: 22/22
 23088 | Lair:5   | Got the Almanac of Hyperbolic Beguiling
 23145 | Lair:5   | Reached skill level 15 in Dodging
 23732 | Lair:5   | Reached ****** piety under Hepliaklqana
 24408 | D:11     | Noticed Fannar
 24416 | D:11     | Killed Fannar
 25198 | D:12     | Identified the +1 robe of Spaghetti {Rampage rN+ Regen+
                  | Stlth+}
 26295 | D:13     | Found a frozen archway.
 26320 | IceCv    | Entered an ice cave
 26806 | IceCv    | Reached XP level 17. HP: 82/98 MP: 23/23
 27795 | Orc:2    | Killed Saint Roka
 27908 | Orc:2    | Found Qolorame's Antique Weapon Shoppe.
 27909 | Orc:2    | Found a roughly hewn altar of Beogh.
 27909 | Orc:2    | Found Wifuwyaf's Antique Armour Emporium.
 28134 | Shoals:1 | Entered Level 1 of the Shoals
 28921 | Shoals:1 | Noticed Kirke
 28926 | Shoals:1 | Killed Kirke
 28927 | Shoals:1 | Reached skill level 16 in Dodging
 28974 | Shoals:1 | Found a transporter.
 28981 | Shoals:1 | Found a transporter.
 29019 | Shoals:1 | Noticed Bunar's ghost (journeyman FeSh)
 29186 | Shoals:1 | Identified the +3 orcbow of Rucamu {heavy, Int+2}
 29187 | Shoals:1 | Identified the +8 short sword "Yluytir" {antimagic, rElec
                  | Str-2 Int+8}
 29455 | Shoals:2 | Found Gowipp's Assorted Antiques.
 29515 | Shoals:2 | Reached skill level 1 in Shields
 30367 | Shoals:3 | Found a transporter.
 30372 | Shoals:3 | Found a transporter.
 30796 | Shoals:3 | Noticed Polyphemus
 30804 | Shoals:3 | Reached skill level 15 in Fighting
 30814 | Shoals:3 | Killed Polyphemus
 30960 | Shoals:3 | Reached skill level 5 in Shields
 30965 | Shoals:3 | Found a transporter.
 30966 | Shoals:3 | Found a transporter.
 31223 | Shoals:3 | Found a transporter.
 31268 | Shoals:3 | Found a transporter.
 31503 | Shoals:4 | Entered Level 4 of the Shoals
 31527 | Shoals:4 | Reached XP level 18. HP: 100/107 MP: 24/24
 31575 | Shoals:4 | Got a barnacled rune of Zot
 31917 | Shoals:4 | Identified the +0 cloak of Day {*Corrode Dex+8}
 31953 | Shoals:4 | Noticed a kraken
 31961 | Shoals:4 | Killed a kraken
 31967 | Shoals:4 | Noticed Louise
 31974 | Shoals:4 | Killed Louise
 32442 | Shoals:4 | Noticed Nikola
 32629 | Shoals:4 | Identified the staff of Raemutot {^Contam ^Fragile rElec
                  | Str+3 Dex+6 Air}
 32872 | D:7      | Bought a book of Spontaneous Combustion for 532 gold pieces
 32878 | D:7      | Learned a level 5 spell: Irradiate
 32960 | Spider:1 | Entered Level 1 of the Spider Nest
 33028 | Spider:1 | Reached skill level 1 in Conjurations
 33028 | Spider:1 | Reached skill level 1 in Alchemy
 34173 | Spider:2 | Reached skill level 17 in Dodging
 34181 | Spider:2 | Reached XP level 19. HP: 95/112 MP: 25/25
 34923 | Spider:4 | Entered Level 4 of the Spider Nest
 35786 | Spider:4 | Identified the +2 quarterstaff of Obocat {flame, rPois
                  | Will+ Str+4 Stlth-}
 35939 | Spider:4 | Reached skill level 5 in Conjurations
 36103 | Spider:4 | Reached skill level 5 in Alchemy
 36112 | Spider:4 | Reached skill level 15 in Evocations
 36284 | Spider:4 | Got a gossamer rune of Zot
 36343 | Spider:4 | Identified the orb of Shadows and Fog {*channel, Int+3}
 36979 | D:10     | Killed zenocrate's ghost
 36988 | D:10     | Found a roughly hewn altar of Beogh.
 36993 | D:10     | Identified the +1 cloak "Weseifa" {^Contam Regen+ Int+7}
 37141 | D:13     | Noticed Rupert
 37151 | D:13     | Killed Rupert
 37171 | D:13     | Reached XP level 20. HP: 117/119 MP: 26/26
 37200 | D:13     | Reached skill level 18 in Dodging
 37215 | D:13     | Got the Papyrus of Confrontation and Decomposition
 38225 | D:14     | Identified the +3 scale mail of Buevot {rN+ Regen+}
 38528 | D:14     | Found a gate to the Vaults.
 38748 | D:15     | Entered Level 15 of the Dungeon
 38789 | D:15     | Found a staircase to the Depths.
 38897 | D:15     | Found a shimmering altar of Xom.
 39108 | D:15     | Found a glowing golden altar of the Shining One.
 39560 | Vaults:1 | Entered Level 1 of the Vaults
 39704 | Vaults:1 | Found Geqecry's Weapon Emporium.
 40158 | Vaults:1 | Noticed Asterion
 40163 | Vaults:1 | Killed Asterion
 40236 | Vaults:1 | Noticed Norris
 40246 | Vaults:1 | Killed Norris
 40308 | Vaults:1 | Noticed an ancient lich
 40317 | Vaults:1 | Killed an ancient lich
 40808 | Vaults:2 | Reached skill level 19 in Dodging
 40919 | Vaults:2 | Found a flickering gateway to a bazaar.
 40949 | Bazaar   | Entered a bazaar
 40952 | Bazaar   | Found Ikucw's Book Boutique.
 40960 | Bazaar   | Learned a level 2 spell: Blink
 40966 | Bazaar   | Found Dotaigosk's Assorted Antiques.
 40977 | Bazaar   | Found Ohucheam's General Store.
 40988 | Bazaar   | Found Paudolum's Antique Weapon Emporium.
 41007 | Bazaar   | Bought 2 potions of heal wounds for 340 gold pieces
 41007 | Bazaar   | Bought a scroll of enchant armour for 255 gold pieces
 41007 | Bazaar   | Bought a scroll of fear for 136 gold pieces
 41007 | Bazaar   | Bought a scroll of fear for 136 gold pieces
 41007 | Bazaar   | Bought a scroll of summoning for 323 gold pieces
 41060 | Vaults:2 | Reached XP level 21. HP: 85/126 MP: 27/27
 41563 | Vaults:2 | Identified the +4 morningstar of Ciexzaf {freeze, Str+4}
 41904 | Vaults:2 | Found Ittuum's Weapon Emporium.
 42476 | Vaults:3 | Reached skill level 5 in Armour
 42501 | Vaults:3 | Found a staircase to the Crypt.
 42567 | Vaults:3 | Found a portal to a secret trove of treasure.
 43052 | Vaults:4 | Found Iduos's Armour Boutique.
 43104 | Vaults:4 | Found a crumbling gateway.
 43117 | Vaults:4 | Found a glowing golden altar of the Shining One.
 43117 | Vaults:4 | Found a glowing silver altar of Zin.
 43117 | Vaults:4 | Found a white marble altar of Elyvilon.
 43135 | Desolati | Entered the Desolation of Salt
 43162 | Desolati | Reached skill level 10 in Alchemy
 43317 | Desolati | Identified the ring of Youthful Indiscretion {^Drain rN+
                  | EV+5 Str+3 Dex+3}
 43484 | Desolati | Reached skill level 20 in Dodging
 43741 | Desolati | Identified the +0 scale mail "Juxom" {rF+ Int+2 Dex+3}
 43745 | Desolati | Identified the amulet "Zedokak" {Acrobat rN+ Int+2 Slay+3}
 43834 | Desolati | Got the Vellum of Burnt Energy
 43917 | Desolati | Identified the +0 plate armour of Fortification {Dex+6}
 43919 | Desolati | Identified the +8 dagger of the Spheres {drain, rC+ rCorr
                  | Str+3}
 43922 | Desolati | Identified the +1 quarterstaff of Dullness {antimagic,
                  | ^Drain Str+3 Int+4}
 43931 | Desolati | Identified the amulet "Sanithec" {Spirit rElec}
 43934 | Desolati | Got the Opusculum on the Voyage and Reconfiguration
 43935 | Desolati | Identified the ring "Oskuteir" {rElec Will- rCorr Slay+4}
 44218 | Vaults:4 | Noticed Mara
 44222 | Vaults:4 | Noticed ragingrage's illusion
 44223 | Vaults:4 | Killed Mara
 44224 | Vaults:4 | Reached XP level 22. HP: 132/132 MP: 28/28
 44819 | Vaults:4 | Identified a scroll of acquirement
 45037 | Vaults:4 | Acquired 701 gold pieces
 45627 | Vaults:5 | Entered Level 5 of the Vaults
 45691 | Vaults:5 | Noticed a golden dragon
 45694 | Vaults:5 | Killed a golden dragon
 45702 | Vaults:5 | Reached skill level 10 in Conjurations
 45988 | Vaults:5 | Noticed Margery
 46178 | Vaults:5 | Killed Margery
 46212 | Vaults:5 | Reached XP level 23. HP: 116/137 MP: 24/29
 46445 | Vaults:5 | Reached skill level 10 in Shields
 46473 | Vaults:5 | Noticed a golden dragon
 46851 | Vaults:5 | Killed a golden dragon
 47026 | Vaults:5 | Acquired 518 gold pieces
 47088 | Vaults:5 | Noticed a golden dragon
 47093 | Vaults:5 | Killed a golden dragon
 47136 | Vaults:5 | Reached skill level 15 in Stealth
 47466 | Vaults:5 | Found Cuom's Distillery.
 47471 | Vaults:5 | Got a silver rune of Zot
 47486 | Vaults:5 | Found Poupih's Magic Scroll Boutique.
 47491 | Vaults:5 | Bought a scroll of enchant armour for 142 gold pieces
 47499 | Vaults:5 | Found Xoptoq's Distillery.
 47504 | Vaults:5 | Bought a potion of heal wounds for 70 gold pieces
 47504 | Vaults:5 | Bought a potion of heal wounds for 70 gold pieces
 47793 | Vaults:5 | Found Siwed's Magic Scroll Shoppe.
 47804 | Vaults:5 | Bought a scroll of blinking for 75 gold pieces
 47804 | Vaults:5 | Bought a scroll of blinking for 75 gold pieces
 47862 | Vaults:5 | Found Yrocla Bauru's Antique Armour Shop.
 47866 | Vaults:5 | Bought a faintly glowing scale mail for 279 gold pieces
 47866 | Vaults:5 | Identified the +5 scale mail "Qiecleto" {Harm rC+ Str-5
                  | Dex+4} (You bought it in a shop on level 5 of the Vaults)
 47954 | Vaults:5 | Found Poatecwu's Jewellery Shoppe.
 48893 | Vaults:3 | You paid a toll of a +6 demon whip to enter a treasure
                  | trove
 48894 | Trove    | Entered a treasure trove
 48910 | Trove    | Identified the +2 helmet of Dishonesty {Rampage *Slow rF+}
 48916 | Trove    | Identified the +0 helmet "Xipiuddy" {rElec Str+6 Int-5}
 48925 | Trove    | Found the sphere of Battle
 48932 | Trove    | Identified the +2 buckler "Ufusaehe" {rPois Slay+2 Stlth+}
 48949 | Trove    | Found the +2 pair of slick slippers {slick, slippery, EV+4}
 49334 | Elf:1    | Entered Level 1 of the Elven Halls
 49334 | Elf:1    | Found a runed translucent gate.
 49334 | Elf:1    | Found a runed translucent gate.
 49334 | Elf:1    | Found a runed translucent gate.
 49334 | Elf:1    | Found a runed translucent gate.
 49334 | Elf:1    | Found a runed translucent gate.
 49334 | Elf:1    | Found a runed translucent gate.
 49345 | Elf:1    | Found a runed translucent door.
 49365 | Elf:1    | Found a runed translucent door.
 49845 | Elf:1    | Found Otygg's Jewellery Shop.
 50214 | Elf:2    | Noticed Roxanne
 50226 | Elf:2    | Killed Roxanne
 50300 | Elf:2    | Reached XP level 24. HP: 140/144 MP: 29/29
 50401 | Elf:2    | Found Ezymocho's Assorted Antiques.
 50459 | Elf:2    | Got the Codex of the Viperous Comitatus
 50474 | Elf:2    | Reached skill level 21 in Dodging
 50506 | Elf:2    | Identified the +3 leather armour of Unbearable Music {Int+2
                  | Stlth+}
 50545 | Elf:2    | Found a runed translucent gate.
 50545 | Elf:2    | Found a runed translucent gate.
 50545 | Elf:2    | Found a runed translucent gate.
 50718 | Elf:3    | Entered Level 3 of the Elven Halls
 50731 | Elf:3    | Reached skill level 1 in Necromancy
 50732 | Elf:3    | Found a radiant altar of Vehumet.
 51408 | Elf:3    | Found a runed translucent gate.
 51408 | Elf:3    | Found a runed translucent gate.
 51409 | Elf:3    | Found a runed translucent gate.
 51486 | Abyss:2  | Cast into level 2 of the Abyss (a deep elf demonologist)
 51500 | Elf:3    | Escaped the Abyss
 51952 | Elf:3    | Identified the +8 scimitar of Qudagiet {freeze, Will+ rCorr
                  | Int+3 Dex+4}
 52394 | Elf:3    | Noticed Xuahaunu's ghost (adept MfIE)
 52400 | Elf:3    | Killed Xuahaunu's ghost
 52531 | Elf:3    | Identified the dragon-blood talisman of Keuwuy {Will+ SInv}
 52577 | Elf:3    | Identified the +9 plate armour of Okawaru's Generosity
                  | {Str+4 Int+6}
 52586 | Elf:3    | Identified the +9 short sword "Etisae" {heavy, *Noise rN+
                  | Stlth+}
 52596 | Elf:3    | Identified the +1 sling of the Moon {flame, ^Fragile rPois
                  | rF+ Dex+2}
 52597 | Elf:3    | Identified the +2 sling "ragingrage's Doom" {freeze, +Blink
                  | Int+3}
 52598 | Elf:3    | Identified the +3 dagger of Ruerri {speed, rCorr Dex+2}
 52815 | Elf:3    | Found a radiant altar of Vehumet.
 53749 | Depths:1 | Entered Level 1 of the Depths
 53757 | Depths:1 | Reached skill level 5 in Necromancy
 53861 | Depths:1 | Found an ornate altar of the Wu Jian Council.
 53939 | Depths:1 | Reached skill level 22 in Dodging
 53998 | Depths:1 | Reached XP level 25. HP: 147/151 MP: 29/29
 54019 | Depths:1 | Got the Exposition on Caskets
 54192 | Depths:1 | Found a transporter.
 54209 | Depths:1 | Found a transporter.
 54428 | Depths:1 | Found a gateway to Hell.
 54448 | Depths:1 | Found a one-way gate leading to the halls of Pandemonium.
 54589 | Depths:1 | Noticed Jigeme's ghost (veteran DEHs)
 54616 | Depths:1 | Found a stormy altar of Qazlal.
 54723 | Depths:1 | Found a one-way gate to the infinite horrors of the Abyss.
 55049 | Depths:2 | Reached skill level 5 in Spellcasting
 55487 | Depths:2 | Found a one-way gateway to a ziggurat.
 55503 | Depths:2 | Reached skill level 23 in Dodging
 55793 | Depths:2 | Identified the +1 robe "Duob" {Str+2 Stlth+}
 55827 | Depths:2 | Found the +11 Singing Sword {sonic wave}
 55833 | Depths:2 | Identified the amulet "Ythotaf" {Fly Will+ RegenMP+ Dex-3}
 56285 | Depths:3 | Reached skill level 24 in Dodging
 56301 | Depths:3 | Reached skill level 1 in Translocations
 56567 | Depths:3 | Reached XP level 26. HP: 156/156 MP: 32/32
 56709 | Depths:3 | Found an ancient bone altar of Kikubaaqudgha.
 56826 | Depths:3 | Identified the +0 great sword of the Desert {flame, Int+4
                  | Dex+9 Stlth-}
 56858 | Depths:3 | Identified the +2 falchion of Qujefi {freeze, rPois Int+2
                  | Dex-3}
 57075 | Depths:3 | Reached XP level 27. HP: 161/161 MP: 32/32
 57319 | Depths:4 | Entered Level 4 of the Depths
 57328 | Depths:4 | Found Hat Ryunk's Antique Armour Emporium.
 57388 | Depths:4 | Found Kear's Armour Shop.
 57389 | Depths:4 | Found Iroiron's Book Boutique.
 57390 | Depths:4 | Found Akhu's General Store.
 57397 | Depths:4 | Bought a scroll of blinking for 127 gold pieces
 57575 | Depths:4 | Reached skill level 10 in Invocations
 57784 | Depths:4 | Noticed a juggernaut
 57796 | Depths:4 | Killed a juggernaut
 58129 | Depths:4 | Found a gate to the Realm of Zot.
 58257 | Depths:4 | Reached skill level 10 in Armour
 58605 | Depths:4 | Reached skill level 5 in Translocations
 59046 | Zot:1    | Entered Level 1 of the Realm of Zot
 59176 | Zot:1    | Noticed Vv
 59189 | Zot:1    | Killed Vv
 59829 | Zot:1    | Noticed Grunn
 59840 | Zot:1    | Killed Grunn
 60133 | Zot:1    | Noticed an orb of fire
 60144 | Zot:1    | Killed an orb of fire
 61964 | Zot:2    | Reached skill level 10 in Short Blades
 62972 | Zot:4    | Noticed a Killer Klown
 62974 | Zot:4    | Noticed an ancient lich
 62977 | Zot:4    | Noticed a Killer Klown
 63044 | Zot:4    | Noticed a Killer Klown
 63048 | Zot:4    | Killed a Killer Klown
 63053 | Zot:3    | Killed an ancient lich
 63135 | Zot:4    | Noticed a Killer Klown
 63142 | Zot:4    | Killed a Killer Klown
 63151 | Zot:5    | Entered Level 5 of the Realm of Zot
 63463 | Zot:5    | Noticed a dread lich
 63464 | Zot:5    | Reached skill level 25 in Dodging
 63466 | Zot:5    | Killed a dread lich
 63671 | Zot:5    | Found Itomanleo's CLEARANCE SALE!.
 63676 | Zot:5    | Bought 2 potions of invisibility for 16 gold pieces
 63919 | Zot:4    | Killed a Killer Klown
 63996 | Zot:4    | Killed a Killer Klown
 64140 | Zot:4    | Reached skill level 26 in Dodging
 64899 | Zot:5    | Noticed a Killer Klown
 64911 | Zot:5    | Killed a Killer Klown
 65163 | Zot:5    | Noticed an orb of fire
 65174 | Zot:5    | Killed an orb of fire
 65304 | Zot:5    | Noticed a dread lich
 65315 | Zot:5    | Killed a dread lich
 65315 | Zot:5    | Noticed a Killer Klown
 65316 | Zot:5    | Reached skill level 27 in Dodging
 65321 | Zot:5    | Killed a Killer Klown
 65516 | Zot:5    | Noticed an ancient lich
 65568 | Zot:5    | Killed an ancient lich
 65569 | Zot:5    | Noticed a Killer Klown
 65573 | Zot:5    | Killed a Killer Klown
 65715 | Zot:5    | Got the Orb of Zot
 66159 | D:4      | Noticed Zibrorah the pandemonium lord
 66163 | D:4      | Killed Zibrorah the pandemonium lord
 66301 | D:$      | Escaped with the Orb!

Illustrated notes

Levels and vault maps discovered:
D:1:      shiori_arrival_whats_in_store_for_you, layout_loops_corners,
          serial_glass, glass_columns_a, glass_columns_b, minmay_liquid_box,
          minmay_nonomino_d4
D:2:      layout_loops_ring, serial_glass, glass_columns_b, glass_columns_a,
          kennysheep_generic_room_14, uniq_jessica
D:3:      layout_basic, basic_ecumenical_altar, amethyst_killhole, minivault_4,
          hangedman_abyss_or_decor_stabs
D:4:      layout_basic, grunt_temple_overflow_opulence, uniq_grinder,
          uniq_edmund, uniq_blork_the_orc, uniq_ijyb
D:5:      layout_layer_cave, chequers_ossuary_entry_cave,
          chequers_serial_rivers_marsh
D:6:      layout_basic, minmay_temple_entry_overgrown, serial_shops, shop,
          uniq_pikel
D:7:      layout_gridville, serial_shops, nicolae_shop_window_shopping, shop
D:8:      layout_rooms, nicolae_dithmenos_through_a_glass_darkly,
          grunt_lair_entry_orc_guard_hut, uniq_gastronok
D:9:      minmay_ornate_pinched, layout_basic, enter_bailey_4,
          minmay_fractal_squares_diagonal_5, uniq_harold
D:10:     nzn_winding_woodlands_cross [nzn_winding_woodlands_5x15_zeroes,
          nzn_winding_woodlands_5x15_eye, nzn_winding_woodlands_5x15_default,
          nzn_winding_woodlands_5x15_pathside_ponds,
          nzn_winding_woodlands_15x15_killbox], layout_stronghold,
          biasface_ghost_orc_armoury, hangedman_corner_corridor
D:11:     layout_irregular_city, uniq_fannar
D:12:     layout_basic
D:13:     minmay_swirls_squares, layout_rooms, portal_ice_cave_demonic_guard,
          uniq_rupert
D:14:     layout_stronghold, david_vaults_5,
          nicolae_concentric_dashed_squares_mild
D:15:     gammafunk_depths_entry_grave, layout_loops_ring, xom_teletrap_fun,
          tso_metal_star
Temple:   nicolae_temple_bog_church
Lair:1:   dreamdust_isle_of_ice, layout_small_grid, gauntlet_entry_generic,
          lightli_volcano_entry_magma_tube, minivault_23, hibernation_bobbens
Lair:2:   regret_index_tunnel_blossom, layout_loops_ring,
          minmay_shoals_entry_hut, hellmonk_spider_entry_not_the_bees,
          uniq_erica, uniq_urug
Lair:3:   layout_long_grid
Lair:4:   layout_loops_ring, minmay_slime_entry_oklob_open, grunt_megastairs_2
Lair:5:   hangedman_lair_tendril_chambers, layout_gridlike,
          hangedman_lair_caniforms_friends, lemuel_fruit_tree
Shoals:1: layout_shoals, gammafunk_ghost_wrathful_warriors,
          nicolae_shoals_circle_sea_wall, uniq_kirke
Shoals:2: layout_shoals, serial_shops, nicolae_shop_crystal,
          nicolae_shoals_goliath_grotto
Shoals:3: layout_shoals, serial_nicolae_subway, nicolae_sub_station_stone,
          nicolae_sub_station_metal, nicolae_sub_station_crystal,
          uniq_polyphemus
Shoals:4: shoals_end_grunt_ice, layout_shoals,
          nicolae_shoals_kraken_intersection, uniq_nikola, uniq_louise
Spider:1: layout_cave_pods, worms_lemuel
Spider:2: layout_spider_delve
Spider:3: layout_spider_delve, drop_trap
Spider:4: guppyfry_spider_rune, hellmonk_spider_spawner
Orc:1:    layout_caves, basic_altar, serial_shops, nicolae_shop_dealshenge,
          david_defended_altar_orc, uniq_josephine
Orc:2:    grunt_orc_community_town_hall, layout_caves,
          grunt_orc_community_big_house_1, grunt_orc_community_big_house_1,
          grunt_orc_community_house_1, grunt_orc_community_house_2,
          grunt_orc_community_house_2, grunt_orc_community_house_1,
          uniq_saint_roka
Elf:1:    nicolae_elf_arrival_dilemma, layout_geoelf_grid, serial_shops, shop,
          kennysheep_underground_church
Elf:2:    nicolae_elf_blades_splatter_lattice [nicolae_blade_tridents],
          layout_geoelf_diagonals, serial_shops, shop, uniq_roxanne
Elf:3:    minmay_elf_hall_quartered_circle, layout_onion_city,
          ebering_ghost_rock_garden, basic_altar, grunt_ministairs_10,
          wad_dig_loot
Vaults:1: vaults_mumra_hexcomb, nicolae_vaults_you_can_take_it_with_you,
          nicolae_vaults_doubleplus_tesselated, ontoclasm_vaults_ring_small,
          nicolae_vaults_little_squares_6, grunt_vaults_hallway_long, v_misc_2,
          v_alt_pattern_4, ontoclasm_vaults_bender, vaults_room_pool,
          nicolae_vaults_sealed_display, layout_vaults_omnicross, serial_shops,
          nicolae_shop_waterfront, uniq_asterion, uniq_norris
Vaults:2: nicolae_vaults_shrinking_rooms_1, ontoclasm_vaults_fault,
          hangedman_vaults_restitches, grunt_vaults_funnel, vaults_room_pool,
          vaults_room_fancy_cross, vaults_dpeg_ring, v_alt_pattern_4,
          nicolae_vaults_taking_the_gang_shopping, hangedman_vaults_impose,
          layout_vaults_ring, serial_shops, freezing_bzr
Vaults:3: nicolae_vaults_tetromino_T_1, vaults_room_grid,
          nicolae_vaults_door_testing_chamber, v_misc_12,
          nicolae_vaults_stairing_the_circle, hangedman_vaults_slither,
          v_rooms_2, ontoclasm_vaults_ligature,
          minmay_crypt_entry_simple_sparse, nicolae_vaults_cochlea,
          vaults_room_pool, dpeg_vaults_monster_box, layout_vaults_maze,
          nicolae_trove_entry_crystal
Vaults:4: portal_desolation_entry_holy_temple, v_alt_pattern_1,
          nicolae_vaults_asterisk, nicolae_vaults_little_squares_6,
          nicolae_vaults_closet_pinwheel_2, nicolae_vaults_closet_pinwheel_3,
          grunt_vaults_focal, v_pattern_4, nicolae_vaults_weapon_check,
          nicolae_vaults_double_plus_1, nicolae_vaults_diamond_1,
          nicolae_vaults_layer_cake_slice, layout_vaults_omnigrid, serial_shops,
          nicolae_lakefront_shop, uniq_mara
Vaults:5: uniq_margery
Depths:1: layout_basic, gammafunk_ghost_abyssal_escape,
          nicolae_qazlal_style_of_elements, grunt_pan_entry_sceptre,
          minmay_room_of_horrors, hell_entry, special_room
          [special_room_morgue], nicolae_wu_jian_wuxing_cycle
Depths:2: cheibrodos_poisonous_passages, layout_gridlike, enter_ziggurat_e,
          nrook_uturn, rand_demon_pan_entry_5, hell_entry, due_unseen_surprise
Depths:3: grunt_crosshair, layout_cave_pools, kiku_gazebo_garden_becter,
          abyss_entry, pf_vacation_house_of_asmodeus, dk_noncrumbling_2,
          uniq_sojobo
Depths:4: lemuel_castle_with_subvaults [lemuel_castle_interior_original],
          layout_gridlike, serial_shops, nicolae_diamond_shop, pan_entry,
          hell_entry, chequers_jeans, minmay_shop_star
Zot:1:    layout_gridlike, hangedman_zot_decor_slant, uniq_vv, uniq_grunn
Zot:2:    layout_misc_corridors, regret_index_zotdec_magical_s
Zot:3:    layout_cellular_growth
Zot:4:    ebering_klown_carousel, layout_twisted_circle
Zot:5:    layout_twisted_circle, st_stairs_2, regret_index_zotdec_onion_hex,
          nicolae_shop_clearance

Skill      XL: |  1  2  3  4  5  6  7  8  9 10 11 12 13 14 15 16 17 18 19 20 21 22 23 24 25 26 27 |
---------------+----------------------------------------------------------------------------------+-----
Ranged Weapons | 3 4 5 6 9 11 16 18 19 20 21 | 21.0
Stealth        | 1 2 3 4 5 6 7 10 11 12 13 16 20 | 20.0
Short Blades   | 2 3 4 5 6 10 | 10.0
Hexes          | 4 |  4.0
Fighting       | 2 3 5 7 10 11 12 13 15 16 17 18 19 20 22 | 22.0
Dodging        | 3 5 6 8 11 12 13 14 15 16 17 19 20 22 24 27 | 27.0
Invocations    | 1 4 5 7 8 9 11 | 11.8
Evocations     | 2 5 7 8 9 10 12 13 14 15 17 | 17.0
Armour         | 1 3 4 6 7 9 11 | 11.0
Throwing       | 1 5 6 |  6.0
Shields        | 5 6 7 8 9 10 | 10.0
Conjurations   | 3 6 8 10 11 12 | 12.0
Alchemy        | 3 6 8 10 11 12 13 | 13.0
Spellcasting   | 2 4 6 |  6.0
Necromancy     | 6 8 |  8.0
Translocations | 1 3 8 |  8.0
Fire Magic     | |  1.0

Action                     |  1- 3 |  4- 6 |  7- 9 | 10-12 | 13-15 | 16-18 | 19-21 | 22-24 | 25-27 || total
---------------------------+-------+-------+-------+-------+-------+-------+-------+-------+-------++-------
  Melee: Dagger            |     1 |    60 |    33 |    21 |       |       |       |       |       ||   115
         Hand cannon       |       |       |       |       |       |       |       |       |     1 ||     1
   Fire: Sling             |    90 |    35 |       |       |       |       |       |       |       ||   125
         Orcbow            |       |       |   277 |   448 |   111 |       |       |       |       ||   836
         Arbalest          |       |       |       |       |   631 |   367 |       |       |       ||   998
         Hand cannon       |       |       |       |       |       |   500 |   816 |   864 |  1224 ||  3404
  Throw: Dart              |       |       |       |       |     3 |       |       |       |       ||     3
   Cast: Jinxbite          |     4 |     7 |    20 |    56 |       |       |       |       |       ||    87
         Irradiate         |       |       |       |       |       |       |     1 |       |    15 ||    16
         Fugue of the Fall |       |       |       |       |       |       |       |       |    10 ||    10
 Invoke: Ancestor Life: Kn |       |       |       |     1 |       |       |       |       |       ||     1
         Recall Ancestor   |       |       |       |       |    12 |     3 |     2 |     6 |     5 ||    28
         Idealise          |       |       |       |       |     3 |     1 |     7 |     2 |     3 ||    16
  Evoke: Phantom mirror    |       |       |       |     2 |       |     1 |     1 |       |       ||     4
         Wand              |       |       |       |     1 |       |       |       |     2 |     1 ||     4
         Box of beasts     |       |       |       |       |       |     1 |       |       |     1 ||     2
         Condenser vane    |       |       |       |       |       |     1 |     1 |       |     4 ||     6
         Phial of floods   |       |       |       |       |       |       |     1 |       |       ||     1
         Lightning rod     |       |       |       |       |       |       |     4 |       |       ||     4
    Use: Scroll            |       |       |    13 |     6 |    12 |     7 |     4 |    11 |     5 ||    58
         Potion            |       |       |     1 |     2 |     1 |     2 |       |       |     2 ||     8
   Stab: Sleeping          |       |    12 |     9 |     3 |       |       |       |       |       ||    24
 Armour: Robe              |    33 |    34 |   111 |    50 |       |       |       |       |       ||   228
         Leather armour    |       |       |       |    29 |    89 |   111 |    87 |    55 |   145 ||   516
  Dodge: Dodged            |    43 |    45 |   245 |   193 |   297 |   443 |   481 |   355 |   830 ||  2932
         Repelled          |       |       |       |       |       |     7 |       |       |       ||     7
  Block: Buckler           |       |       |       |       |       |    72 |   168 |   134 |   292 ||   666

Table legend: (Time is in decaauts)
 A = Elapsed time spent in this place.
 B = Non-inter-level travel time spent in this place.
 C = Inter-level travel time spent in this place.
 D = Time resting spent in this place.
 E = Time spent auto-exploring this place.
 F = Levels seen in this place.
 G = Mean time per level.
                   A        B        C        D        E       F      G
               +--------+--------+--------+--------+--------+-----+--------+
         Total |  66766 |  59942 |   6824 |   7179 |  41464 |  56 | 1192.2 |
       Dungeon |  20318 |  17326 |   2992 |   2030 |  12526 |  15 | 1354.5 |
        Temple |     24 |      1 |     23 |      0 |      0 |   1 |   24.0 |
          Lair |   6731 |   5693 |   1038 |    382 |   4062 |   5 | 1346.2 |
        Shoals |   4800 |   4534 |    266 |     72 |   3894 |   4 | 1200.0 |
   Spider Nest |   3911 |   3712 |    199 |     86 |   3045 |   4 |  977.8 |
  Orcish Mines |   2625 |   2326 |    299 |    705 |   1163 |   2 | 1312.5 |
   Elven Halls |   4295 |   4199 |     96 |    589 |   3052 |   3 | 1431.7 |
        Vaults |   7861 |   7097 |    764 |    619 |   4939 |   5 | 1572.2 |
        Depths |   5571 |   4965 |    606 |    563 |   3446 |   4 | 1392.8 |
           Zot |   6488 |   5951 |    537 |   1057 |   3792 |   5 | 1297.6 |
         Abyss |     13 |     13 |      0 |      0 |      0 |   1 |   13.0 |
        Bazaar |     77 |     77 |      0 |      0 |     36 |   1 |   77.0 |
         Trove |    105 |    105 |      0 |      0 |     44 |   1 |  105.0 |
       Ossuary |    500 |    500 |      0 |      4 |    157 |   1 |  500.0 |
        Bailey |   1206 |   1206 |      0 |    317 |    567 |   1 | 1206.0 |
      Ice Cave |    653 |    653 |      0 |    441 |     98 |   1 |  653.0 |
    Desolation |   1050 |   1050 |      0 |    228 |    396 |   1 | 1050.0 |
      Gauntlet |    528 |    528 |      0 |     84 |    246 |   1 |  528.0 |
               +--------+--------+--------+--------+--------+-----+--------+

Top non-repeatable levels by time:
    D:10: 3402 daAuts
   Elf:3: 2875 daAuts
Vaults:5: 2095 daAuts
Depths:4: 1880 daAuts
   Orc:2: 1812 daAuts
Vaults:4: 1811 daAuts
  Lair:5: 1757 daAuts
   Zot:5: 1673 daAuts
     D:9: 1542 daAuts
     D:5: 1524 daAuts
Vaults:2: 1469 daAuts
Depths:1: 1449 daAuts
  Lair:1: 1422 daAuts
     D:6: 1411 daAuts
   Zot:1: 1372 daAuts
